 Dungeon Crawl Stone Soup version 0.26.1-11-gd32895ea62 (webtiles) character file.

Game seed: 256665837424880455

1082 phalm the Conjurer (level 8, 64/64 HPs)
             Began as a Demonspawn Conjurer on June 23, 2021.
             Quit the game on level 5 of the Dungeon.
             The game lasted 00:08:12 (6216 turns).

phalm the Conjurer (Demonspawn Conjurer)            Turns: 6216, Time: 00:08:13

Health: 64/64      AC:  7    Str:  7    XL:     8   Next: 8%
Magic:  14/14      EV: 12    Int: 23    God:
Gold:   276        SH:  0    Dex: 11    Spells: 4/15 levels left

rFire    . . .     SeeInvis .   l - +0 trident
rCold    . . .     Faith    .   (no shield)
rNeg     . . .     Spirit   .   a - +0 robe
rPois    .         Reflect  .   p - +2 hat
rElec    .         Harm     .   w - -1 cloak (curse)
rCorr    .         Rampage  .   (no gloves)
Will     .....                  (no boots)
Stlth    +++.......             g - amulet of regeneration
HPRegen  0.60/turn              Q - ring of stealth
MPRegen  0.14/turn              (no ring)

@: no status effects
A: rugged brown scales 3, demonic guardian 1, miasma immunity
a: no special abilities


You were on level 5 of the Dungeon.
You visited 1 branch of the dungeon, and saw 5 of its levels.

You collected 276 gold pieces.


Innate Abilities, Weirdness & Mutations

You are completely covered in rugged brown scales. (AC +3, +7% HP)
A weak demonic guardian rushes to your aid.
You are immune to miasma.


   Skills:
 + Level 3.7 Fighting
 - Level 1.7 Dodging
 - Level 1.7 Stealth
 + Level 4.1 Spellcasting
 + Level 6.2 Conjurations
 * Level 3.9 Translocations
 * Level 3.0 Fire Magic


You had 4 spell levels left.
You knew the following spells:

 Your Spells              Type           Power        Failure   Level
m - Magic Dart            Conj           100%         1%          1
s - Searing Ray           Conj           66%          1%          2
y - Sticky Flame          Conj/Fire      26%          16%         4
X - Iskenderun's Mystic   Conj/Tloc      28%          13%         4

Your spell library contained the following spells:

 Spells                   Type           Power        Failure   Level
 Foxfire                  Conj/Fire      100%         1%          1
 Conjure Flame            Conj/Fire      26%          4%          3
 Dazzling Flash           Conj/Hex       38%          9%          3
 Inner Flame              Hex/Fire       11%          17%         3
 Fulminant Prism          Conj/Hex       9%           28%         4
 Fireball                 Conj/Fire      13%          38%         5

Inventory:

Hand Weapons
 c - a +0 dagger
   (You took it off a kobold on level 1 of the Dungeon)
 d - a +0 short sword
   (You took it off a kobold on level 1 of the Dungeon)
 k - a cursed +0 mace
   (You found it on level 1 of the Dungeon)
 l - a +0 trident (weapon)
   (You found it on level 2 of the Dungeon)
Missiles
 q - 6 atropa-tipped darts (quivered)
 s - 7 boomerangs
 z - 14 sling bullets
 C - 15 poisoned darts
Armour
 a - a +0 robe (worn)
 p - a +2 hat (worn)
   (You found it on level 2 of the Dungeon)
 w - a cursed -1 cloak (worn)
   (You found it on level 3 of the Dungeon)
Jewellery
 g - an amulet of regeneration (around neck)
   (You found it on level 1 of the Dungeon)
 Q - a ring of stealth (left hand)
   (You found it on level 4 of the Dungeon)
Wands
 o - a wand of acid (17)
   (You found it on level 2 of the Dungeon)
 r - a wand of flame (16)
   (You found it on level 2 of the Dungeon)
Scrolls
 b - 5 scrolls of remove curse {unknown}
 f - 3 scrolls of magic mapping {unknown}
 i - 3 scrolls of fear {unknown}
 t - 2 scrolls of teleportation {unknown}
 u - a scroll of enchant armour {unknown}
 v - a scroll of noise {unknown}
 y - a scroll of immolation {unknown}
Potions
 e - a potion of lignification {unknown}
 h - a potion of invisibility {unknown}
 j - 2 potions of brilliance {unknown}
 m - 2 potions of heal wounds {unknown}
 n - 2 potions of curing {@q1}
 x - a potion of berserk rage {unknown}
 A - a potion of magic {unknown}
 B - a potion of might {unknown}
 D - a potion of flight {unknown}

Dungeon Overview and Level Annotations

Branches:
Dungeon (5/15)
 Temple: D:4-7

Altars:
Fedhas
Okawaru
Qazlal
Ru
Uskayaw
Wu Jian
The Shining One

#...##.. #.#....... #...#..
#.........
#...#.##########........
#..............[....#.#.
#####.#.........>.....##.#.
#........###...............
........###..........#....#
...####.###......#K#####..#
.# ##...@......#..## #...
........†..#...#.##..###...
.#..##...#.....#.###.......
# ....#...#...#...#..##...
.)......##...###...[.....
......#.###...#.....###...
........# #.....##.#......
................##...##...
.. ###......##..######


There were no monsters in sight!


Message History

The magic dart hits Pikel!
You kill Pikel!
With Pikel's spell broken, his former minions thank you for their freedom.
The lemure departs this earthly plane. x4; The orc wizard barely misses you.
The orc wizard hits you but does no damage.
Your Spellcasting skill increases to level 4!
Your Conjurations skill increases to level 6!
Your Fire Magic skill increases to level 2!
You have reached level 8!
You feel clever.
Your demonic ancestry asserts itself...
You feel immune to miasma. 😮 HP[+7] MP[-1]
You now have 64 max hp (+9).
You regained 7 hp, and now have 46/64 hp.
Casting: Magic Dart (safe; 1% risk of failure)
Confirm with . or Enter, or press ? or * to list all spells.
Aiming: Magic Dart (safe; 1% risk of failure)
Press: ? - help, Shift-Dir - straight line, f - orc wizard
Aim: an orc wizard, wielding a +0 dagger and wearing a +0 robe (moderately wounded, fast, 0% to evade)
The magic dart hits the orc wizard.
The orc wizard closely misses you. 😮 HP[+1] MP[-1]
You lost 1 mp, and now have 0/14 mp.
You hit the orc wizard.
The orc wizard mumbles some strange words.
The orc wizard blinks! 😮 HP[+1]
Things that are here:
a +2 whip of flaming; a +0 robe; the big kobold corpse of Pikel Reach: l) +0 trident
Press: ? - help, Dir - move target, f/p - orc wizard
Aim: an orc wizard, wielding a +0 dagger and wearing a +0 robe (almost dead, fast)
You reach to attack!
You hit the orc wizard but do no damage.
The orc wizard hits you but does no damage. 😕 HP[+1] Reach: l) +0 trident
Press: ? - help, Dir - move target, f/p - orc wizard
Aim: an orc wizard, wielding a +0 dagger and wearing a +0 robe (almost dead, fast)
You hit the orc wizard.
The orc wizard mumbles some strange words.
The orc wizard blinks!
The orc wizard gestures wildly while chanting.
The orc wizard blinks! 😕 HP[+1] Reach: l) +0 trident
Press: ? - help, Dir - move target, f/p - orc wizard
Aim: an orc wizard, wielding a +0 dagger and wearing a +0 robe (almost dead, fast)
You reach to attack!
You hit the orc wizard.
You kill the orc wizard!
Your Fire Magic skill increases to level 3! 😕 HP[+1] MP[+1]
D - a brown potion
Things that are here:
a +0 dagger; a +0 robe 😎 HP[+13] MP[+13]
Your hp is fully restored (64).
Your mp is fully restored (14).
A white imp comes into view.
Casting: Magic Dart (safe; 1% risk of failure)
Confirm with . or Enter, or press ? or * to list all spells.
Aiming: Magic Dart (safe; 1% risk of failure)
Press: ? - help, Shift-Dir - straight line, f - white imp
Aim: a white imp (wandering, hasn't noticed you, 0% to evade)
The magic dart hits the white imp.
The white imp shouts, "Give up, thou frothy fat-kidneyed tiddler!" 😎 MP[-1]
You lost 1 mp, and now have 13/14 mp.
Casting: Magic Dart (safe; 1% risk of failure)
Confirm with . or Enter, or press ? or * to list all spells.
Aiming: Magic Dart (safe; 1% risk of failure)
Press: ? - help, Shift-Dir - straight line, f/p - white imp
Aim: a white imp (moderately wounded, 0% to evade)
The magic dart hits the white imp. 😎 MP[-1]
You lost 1 mp, and now have 12/14 mp.
Casting: Magic Dart (safe; 1% risk of failure)
Confirm with . or Enter, or press ? or * to list all spells.
Aiming: Magic Dart (safe; 1% risk of failure)
Press: ? - help, Shift-Dir - straight line, f/p - white imp
Aim: a white imp (heavily wounded, 0% to evade)
The magic dart hits the white imp.
The white imp gestures at you. The puff of frost misses you. 😎 MP[-1]
You lost 1 mp, and now have 11/14 mp.
Casting: Magic Dart (safe; 1% risk of failure)
Confirm with . or Enter, or press ? or * to list all spells.
Aiming: Magic Dart (safe; 1% risk of failure)
Press: ? - help, Shift-Dir - straight line, f/p - white imp
Aim: a white imp (severely wounded, 0% to evade)
The magic dart hits the white imp.
You kill the white imp! 😎 MP[-1]
You lost 1 mp, and now have 10/14 mp.
Casting: Magic Dart (safe; 1% risk of failure)
Confirm with . or Enter, or press ? or * to list all spells.
You can't see any susceptible monsters within range! (Use Z to cast anyway.)
Things that are here:
a +0 hand axe; a +0 plate armour; 😎 MP[+4]
Your mp is fully restored (14).
Are you sure you want to abandon this character and quit the game? (Confirm with "yes".)

Skill      XL: |  1  2  3  4  5  6  7  8 |
---------------+-------------------------+-----
Fighting       | 1 2 3 |  3.7
Conjurations   | 5 6 |  6.2
Spellcasting   | 3 4 |  4.1
Translocations | 1 2 3 |  3.9
Fire Magic     | 1 2 3 |  3.0
Dodging        | |  1.7
Stealth        | |  1.7

Action                   |  1- 3 |  4- 6 |  7- 9 || total
-------------------------+-------+-------+-------++-------
Melee: Dagger            |     3 |       |       ||     3
       Unarmed           |     1 |       |       ||     1
       Short sword       |    11 |       |       ||    11
       Trident           |     1 |    35 |    12 ||    48
 Cast: Magic Dart        |    74 |   112 |    19 ||   205
       Searing Ray       |     1 |    11 |     4 ||    16
 Stab: Sleeping          |     1 |       |       ||     1
Armor: Robe              |     7 |     7 |     4 ||    18
Dodge: Dodged            |    25 |    41 |    10 ||    76

Levels and vault maps discovered:
D:1:      eino_arrival_water_cross, layout_loops_corners, grunt_decor_arrowhead,
          hangedman_abyss_or_decor_stabs, minmay_misc_feat_tower
D:2:      minmay_door_path, layout_loops_cross, lemuel_crystal_altar,
          kennysheep_okawaru_gauntlet, st_stairs_4,
          nicolae_qazlal_general_emergency, uniq_natasha
D:3:      layout_basic, tso_oasis_becter, kennysheep_generic_room_9
D:4:      layout_basic, lemuel_round_altar, nicolae_ru_path_of_blood
D:5:      layout_rooms, nicolae_overflow_crystal_walls,
          amcnicky_mini_pool_medium, uniq_pikel

Notes
Turn   | Place    | Note
-------+----------+-------------------------------------------
     0 | D:1      | phalm the Demonspawn Conjurer began the quest for the Orb.
     0 | D:1      | Reached XP level 1. HP: 13/13 MP: 3/3
     0 | D:1      | magus.rc [v1.9.10]
   250 | D:1      | Gained mutation: You are partially covered in rugged brown
                  | scales. (AC +1, +3% HP) [demonic ancestry]
   250 | D:1      | Reached XP level 2. HP: 14/20 MP: 3/5
  1029 | D:1      | Reached skill level 1 in Fighting
  1277 | D:1      | Reached XP level 3. HP: 26/26 MP: 3/6
  1709 | D:2      | Found an iron altar of Okawaru.
  1836 | D:2      | Learned a level 2 spell: Searing Ray
  2039 | D:2      | Noticed Natasha
  2041 | D:2      | Killed Natasha
  2042 | D:2      | Reached XP level 4. HP: 33/33 MP: 3/8
  2316 | D:2      | Reached skill level 5 in Conjurations
  2381 | D:2      | Found a stormy altar of Qazlal.
  2391 | D:2      | Noticed Natasha
  2403 | D:2      | Killed Natasha
  2538 | D:2      | Found an ornate altar of the Wu Jian Council.
  2672 | D:2      | Reached skill level 2 in Fighting
  2925 | D:3      | Gained mutation: You are mostly covered in rugged brown
                  | scales. (AC +2, +5% HP) [demonic ancestry]
  2925 | D:3      | Reached XP level 5. HP: 33/39 MP: 4/9
  2934 | D:3      | Reached skill level 3 in Spellcasting
  2948 | D:2      | Learned a level 4 spell: Iskenderun's Mystic Blast
  3160 | D:3      | Reached skill level 1 in Translocations
  3740 | D:3      | Gained mutation: A weak demonic guardian rushes to your
                  | aid. [demonic ancestry]
  3740 | D:3      | Reached XP level 6. HP: 48/48 MP: 2/10
  4083 | D:3      | Found a glowing golden altar of the Shining One.
  4948 | D:4      | Found a blossoming altar of Fedhas.
  4955 | D:4      | Reached skill level 2 in Translocations
  5003 | D:4      | You pick up a book of Flames and begin reading...
  5003 | D:4      | You add the spells Foxfire, Conjure Flame, Inner Flame,
                  | Sticky Flame and Fireball to your library.
  5019 | D:4      | Learned a level 4 spell: Sticky Flame
  5276 | D:4      | Reached skill level 3 in Fighting
  5276 | D:4      | Reached skill level 1 in Fire Magic
  5385 | D:4      | Gained mutation: You are completely covered in rugged brown
                  | scales. (AC +3, +7% HP) [demonic ancestry]
  5385 | D:4      | Reached XP level 7. HP: 46/55 MP: 5/12
  5670 | D:4      | Found a sacrificial altar of Ru.
  5873 | D:5      | Entered Level 5 of the Dungeon
  5885 | D:5      | Found a hide-covered altar of Uskayaw.
  6023 | D:5      | Noticed Pikel
  6024 | D:5      | Reached skill level 3 in Translocations
  6061 | D:5      | Killed Pikel
  6062 | D:5      | Reached skill level 4 in Spellcasting
  6062 | D:5      | Reached skill level 6 in Conjurations
  6062 | D:5      | Reached skill level 2 in Fire Magic
  6062 | D:5      | Gained mutation: You are immune to miasma. [demonic
                  | ancestry]
  6062 | D:5      | Reached XP level 8. HP: 46/64 MP: 1/14
  6068 | D:5      | Reached skill level 3 in Fire Magic
  6216 | D:5      | Quit the game

Vanquished Creatures
  Pikel (D:5)
  An orc warrior (D:5)
  A scorpion (D:4)
  An orc priest (D:3)
  An iguana (D:4)
  2 orc wizards
  Natasha (twice) (D:2)
  2 worker ants
  7 gnolls (D:3)
  8 adders
  A white imp (D:5)
  An ooze (D:3)
  A worm (D:3)
  3 dart slugs
  2 leopard geckos
  7 orcs
  2 ball pythons
  6 bats
  8 giant cockroaches
  11 goblins
  7 hobgoblins
  4 jackals (D:2)
  2 quokkas
  3 frilled lizards
  8 kobolds
  11 rats
103 creatures vanquished.

Vanquished Creatures (collateral kills)
  An ogre (D:4)
  2 orc wizards (D:4)
  An adder (D:5)
  A shadow imp (D:5)
  An orc (D:5)
6 creatures vanquished.

Grand Total: 109 creatures vanquished

Table legend:
 A = Non-vault XP
 B = Vault XP
 C = Vault XP percentage of total XP
 D = Non-vault monster count
 E = Vault monster count
 F = Vault count percentage of total count
                 A         B        C        D         E       F
            +---------+---------+-------+---------+---------+-------
      Total |     964 |     583 |  37.7 |     101 |       8 |   7.3
            +---------+---------+-------+---------+---------+-------
        D:1 |      44 |       0 |   0.0 |      25 |       0 |   0.0
        D:2 |      78 |      44 |  36.1 |      18 |       7 |  28.0
        D:3 |     257 |       0 |   0.0 |      35 |       0 |   0.0
        D:4 |     340 |       0 |   0.0 |      12 |       0 |   0.0
        D:5 |     245 |     539 |  68.8 |      11 |       1 |   8.3
            +---------+---------+-------+---------+---------+-------

Illustrated notes

Table legend:
 A = Kills in this place as a percentage of kills in entire the game.
 B = Kills by you in this place as a percentage of kills by you in the entire game.
 C = Kills by friends in this place as a percentage of kills by friends in the entire game.
 D = Other kills in this place as a percentage of other kills in the entire game.
 E = Experience gained in this place as a percentage of experience gained in the entire game.
 F = Experience gained in this place divided by the number of levels of this place that you have seen.
                   A       B       C       D       E      F
               +-------+-------+-------+-------+-------+----------------------
         Total | 100.0 | 100.0 | 100.0 |   N/A | 100.0 | 309.4
       Dungeon | 100.0 | 100.0 | 100.0 |   N/A | 100.0 | 309.4
               +-------+-------+-------+-------+-------+----------------------

Table legend: (Time is in decaauts)
 A = Elapsed time spent in this place.
 B = Non-inter-level travel time spent in this place.
 C = Inter-level travel time spent in this place.
 D = Time resting spent in this place.
 E = Time spent auto-exploring this place.
 F = Levels seen in this place.
 G = Mean time per level.
                   A        B        C        D        E       F      G
               +--------+--------+--------+--------+--------+-----+--------+
         Total |   6255 |   6126 |    129 |     11 |   5541 |   5 | 1251.0 |
       Dungeon |   6255 |   6126 |    129 |     11 |   5541 |   5 | 1251.0 |
               +--------+--------+--------+--------+--------+-----+--------+

Top non-repeatable levels by time:
     D:3: 1848 daAuts
     D:1: 1633 daAuts
     D:2: 1373 daAuts
     D:4: 1051 daAuts
     D:5: 348 daAuts
